 Dungeon Sprint DCSS version 0.27-a0-1137-g3ef0f4ec91 (webtiles) character file.

Game seed: 1494739031231140035

11200000 howech the Champion of Chaos (level 27, 0/249 HPs)
             Began as a Gnoll Wanderer on May 6, 2021.
             Was the Champion of Makhleb.
             Slain by a meat beast (14 damage)
             ... in the Dungeon (Sprint VIII: "Arena of Blood").
             The game lasted 00:06:51 (112 turns).

howech the Champion of Chaos (Gnoll Wanderer)        Turns: 112, Time: 00:06:52

Health: 0/249      AC:  4    Str: 17    XL:     27
Magic:  21/54      EV: 30    Int: 13    God:    Makhleb [******]
Gold:   0          SH:  0    Dex: 18    Spells: 80/80 levels left

rFire    . . .     SeeInvis .   l - +∞ Axe of Woe
rCold    . . .     Faith    .   (shield currently unavailable)
rNeg     . . .     Spirit   .   d - +0 robe
rPois    .         Reflect  .   (no helmet)
rElec    .         Harm     .   (no cloak)
rCorr    .         Rampage  .   (no gloves)
Will     ++...     NoTele   +   (no boots)
Stlth    ++++++++++             (no amulet)
HPRegen  0.51/turn              m - +30 ring of slaying
MPRegen  0.34/turn              (no ring)

@: marked
A: fangs 1, strong nose, distributed training
a: Renounce Religion, Minor Destruction, Lesser Servant of Makhleb, Major
Destruction, Greater Servant of Makhleb


You were in the Dungeon.
You worshipped Makhleb.
Makhleb was exalted by your worship.
You visited 1 branch

Inventory:

Hand Weapons
 a - a +2 falchion
 b - a +0 quarterstaff
 e - a +0 dagger
 l - the +∞ Axe of Woe (weapon)
   (You found it in the Dungeon)
Armour
 d - a +0 robe (worn)
Jewellery
 h - a +200 ring of slaying
 m - a +30 ring of slaying (left hand)
 n - a +30 ring of slaying
Potions
 c - a potion of lignification
 f - a potion of curing
 i - 2 potions of magic
 j - a potion of berserk rage


   Skills:
 O Level 27 Fighting
 O Level 27 Short Blades
 O Level 27 Long Blades
 O Level 27 Axes
 O Level 27 Maces & Flails
 O Level 27 Polearms
 O Level 27 Staves
 O Level 27 Slings
 O Level 27 Bows
 O Level 27 Crossbows
 O Level 27 Throwing
 O Level 27 Armour
 O Level 27 Dodging
 O Level 27 Stealth
 O Level 27 Shields
 O Level 27 Unarmed Combat
 O Level 27 Spellcasting
 O Level 27 Conjurations
 O Level 27 Hexes
 O Level 27 Summonings
 O Level 27 Necromancy
 O Level 27 Translocations
 O Level 27 Transmutations
 O Level 27 Fire Magic
 O Level 27 Ice Magic
 O Level 27 Air Magic
 O Level 27 Earth Magic
 O Level 27 Poison Magic
 O Level 27 Invocations
 O Level 27 Evocations


You had 80 spell levels left.
You didn't know any spells.
Your spell library was empty.

Dungeon Overview and Level Annotations

Branches:
Dungeon (1/1)

Altars:
Makhleb


Innate Abilities, Weirdness & Mutations

You have very sharp teeth.
Your uncanny sense of smell can sniff out nearby items.
Your experience applies equally to all skills.


Message History

Reactivating autopickup.
You feel a bit more experienced.
The meat berserker rages.
You hear a shout!
The accursed casts a spell at you. Something smites you!
* * * LOW HITPOINT WARNING * * *
A bag of meat comes into view. It is wielding a +9 war axe.
You hear a shout! x2
The dread calls on the powers of darkness!
The bag of meat convulses!
The meat berserker convulses!
Your body is wracked with pain!
* * * LOW HITPOINT WARNING * * *
The meat berserker convulses!
The bag of meat convulses! x2
Something is bathed in an unholy light! x2; The bag of meat convulses! x4
The meat berserker convulses!
The bag of meat convulses!
The eight-headed meat hydra convulses!
The meat berserker convulses!
Something is bathed in an unholy light!
The bag of meat convulses! x2
The accursed casts a spell at you. Something smites you!
* * * LOW HITPOINT WARNING * * *
An accursed comes into view.
You hear a shout!
A meat berserker comes into view. It is wielding a +9 battleaxe.
Unknown command.
You slice the bag of meat!!
You slaughter the bag of meat joyfully.
You kill the bag of meat!
Makhleb accepts your kill.
You feel better.
You hit the large abomination.
You butcher the large abomination messily.
You destroy the large abomination!
The meat beast bellows, "Thy liver shall be my junket!"
You feel something staring at you. Something smites you!
* * * LOW HITPOINT WARNING * * *
You hear a shout!
A meat beast comes into view.
You hear a shout!
The meat beast bites you!
You die...

###... ####...X..
####....X.OL.##
#...........#.
#....S.X.....# .
#.....M{O....#..
#...M)).###.XX#.
#...22###○°.X..#
#..@2#)°)))..X......
#..O.W{))#M.........
#.OL.2.M).#§§.....o#
#o.Vo2X......#...V #
#.OM....L.#......###
#Oooo#.oo...........
#.D..##z..M.))#.....
#2o...#..o..#☼°M§§..
=z .###..)§)○)§..


You could see 5 accurseds, 2 tentacled monstrosities, 6 meat beasts, 2 tyrants,
an eight-headed meat hydra, a destroyer, a scourge, a sculptor of flesh, 2 large
abominations, a dread, 6 meat berserkers and 9 bags of meat.

Vanquished Creatures
  Sigmund (D)
  2 hell beasts (D)
  Edmund (D)
  A royal mummy (D)
  5 great orbs of eyes (D)
  14 vampire knights (D)
  30 ogres (D)
  8 two-headed ogres (D)
  2 liches (D)
  A hydra (D)
  97 orcs (D)
  3 phantoms (D)
  5 skeletal warriors (D)
170 creatures vanquished.

Vanquished Creatures (others)
  A two-headed ogre (D)
  An orc (D)
2 creatures vanquished.

Grand Total: 172 creatures vanquished

Notes
Turn   | Place    | Note
-------+----------+-------------------------------------------
     0 | D        | Found the +∞ Axe of Woe
     0 | D        | howech the Gnoll Wanderer began the quest for the Orb.
     0 | D        | howech set off with the following items: a +2 falchion, a
                  | +0 quarterstaff, a potion of lignification, a +0 robe, a +0
                  | dagger, a potion of curing, a potion of heal wounds, a
                  | potion of haste, 2 potions of magic, a potion of berserk
                  | rage, a scroll of blinking
     0 | D        | Reached XP level 1. HP: 23/23 MP: 1/1
     4 | D        | Became a worshipper of Makhleb the Destroyer
     4 | D        | Noticed a bag of meat
     5 | D        | Noticed a bag of meat
     5 | D        | Noticed a bag of meat
     6 | D        | Noticed a bag of meat
     6 | D        | Noticed a bag of meat
     6 | D        | Noticed a bag of meat
     7 | D        | Killed a bag of meat
     7 | D        | Noticed a meat berserker
     7 | D        | Noticed a meat berserker
     8 | D        | Reached XP level 2. HP: 39/39 MP: 1/14
     8 | D        | Reached XP level 3. HP: 45/45 MP: 1/15
     8 | D        | Reached XP level 4. HP: 52/52 MP: 1/17
     8 | D        | Reached XP level 5. HP: 58/58 MP: 1/18
     8 | D        | Reached XP level 6. HP: 65/65 MP: 1/20
     8 | D        | Reached XP level 7. HP: 71/71 MP: 1/21
     8 | D        | Reached XP level 8. HP: 78/78 MP: 1/23
     8 | D        | Reached XP level 9. HP: 83/83 MP: 1/24
     8 | D        | Reached XP level 10. HP: 90/90 MP: 1/25
     8 | D        | Reached XP level 11. HP: 96/96 MP: 1/26
     8 | D        | Reached XP level 12. HP: 103/103 MP: 1/27
     8 | D        | Noticed a meat berserker
     8 | D        | Killed a bag of meat
     8 | D        | Reached * piety under Makhleb
     8 | D        | Noticed a meat berserker
     9 | D        | Reached skill level 10 in Conjurations
     9 | D        | Reached skill level 10 in Hexes
     9 | D        | Reached skill level 10 in Summonings
     9 | D        | Reached skill level 10 in Necromancy
     9 | D        | Reached skill level 10 in Translocations
     9 | D        | Reached skill level 10 in Transmutations
     9 | D        | Reached skill level 10 in Fire Magic
     9 | D        | Reached skill level 10 in Ice Magic
     9 | D        | Reached skill level 10 in Air Magic
     9 | D        | Reached skill level 10 in Earth Magic
     9 | D        | Reached skill level 10 in Poison Magic
     9 | D        | Reached XP level 13. HP: 113/113 MP: 1/29
     9 | D        | Noticed a bag of meat
     9 | D        | Killed a bag of meat
     9 | D        | Killed a bag of meat
     9 | D        | Noticed a bag of meat
     9 | D        | Noticed a bag of meat
     9 | D        | Noticed a bag of meat
    10 | D        | Reached skill level 15 in Fighting
    10 | D        | Reached skill level 15 in Long Blades
    10 | D        | Reached skill level 15 in Dodging
    10 | D        | Reached skill level 15 in Stealth
    10 | D        | Reached skill level 15 in Invocations
    10 | D        | Reached XP level 14. HP: 99/124 MP: 1/32
    10 | D        | Killed a meat berserker
    10 | D        | Reached ** piety under Makhleb
    10 | D        | Killed a meat berserker
    10 | D        | Killed a bag of meat
    10 | D        | Killed a bag of meat
    10 | D        | Reached *** piety under Makhleb
    10 | D        | Killed a meat berserker
    10 | D        | Noticed a meat berserker
    11 | D        | Reached XP level 15. HP: 142/142 MP: 1/38
    11 | D        | Reached XP level 16. HP: 150/150 MP: 1/39
    11 | D        | Reached XP level 17. HP: 156/156 MP: 1/40
    11 | D        | Killed a meat berserker
    12 | D        | Reached XP level 18. HP: 166/166 MP: 2/42
    13 | D        | Reached **** piety under Makhleb
    14 | D        | Killed a meat berserker
    15 | D        | Reached XP level 19. HP: 178/178 MP: 2/45
    16 | D        | Noticed a meat berserker
    17 | D        | Reached ***** piety under Makhleb
    19 | D        | Reached XP level 20. HP: 189/189 MP: 3/48
    21 | D        | Noticed a large bag of meat
    21 | D        | Killed a meat berserker
    24 | D        | Reached skill level 27 in Invocations
    24 | D        | Reached XP level 21. HP: 190/200 MP: 5/50
    24 | D        | Noticed a large bag of meat
    25 | D        | Noticed a large bag of meat
    26 | D        | Noticed a meat berserker
    26 | D        | Noticed a large bag of meat
    27 | D        | Noticed a large bag of meat
    28 | D        | Noticed a destroyer
    29 | D        | Killed a large bag of meat
    29 | D        | Reached ****** piety under Makhleb
    29 | D        | Noticed a destroyer
    30 | D        | Reached skill level 27 in Fighting
    30 | D        | Reached skill level 27 in Short Blades
    30 | D        | Reached skill level 27 in Long Blades
    30 | D        | Reached skill level 27 in Axes
    30 | D        | Reached skill level 27 in Maces & Flails
    30 | D        | Reached skill level 27 in Polearms
    30 | D        | Reached skill level 27 in Staves
    30 | D        | Reached skill level 27 in Slings
    30 | D        | Reached skill level 27 in Bows
    30 | D        | Reached skill level 27 in Crossbows
    30 | D        | Reached skill level 27 in Throwing
    30 | D        | Reached skill level 27 in Armour
    30 | D        | Reached skill level 27 in Dodging
    30 | D        | Reached skill level 27 in Stealth
    30 | D        | Reached skill level 27 in Shields
    30 | D        | Reached skill level 27 in Unarmed Combat
    30 | D        | Reached skill level 27 in Spellcasting
    30 | D        | Reached skill level 27 in Evocations
    30 | D        | Reached XP level 22. HP: 193/212 MP: 6/53
    31 | D        | Killed a destroyer
    32 | D        | Reached skill level 27 in Conjurations
    32 | D        | Reached skill level 27 in Hexes
    32 | D        | Reached skill level 27 in Summonings
    32 | D        | Reached skill level 27 in Necromancy
    32 | D        | Reached skill level 27 in Translocations
    32 | D        | Reached skill level 27 in Transmutations
    32 | D        | Reached skill level 27 in Fire Magic
    32 | D        | Reached skill level 27 in Ice Magic
    32 | D        | Reached skill level 27 in Air Magic
    32 | D        | Reached skill level 27 in Earth Magic
    32 | D        | Reached skill level 27 in Poison Magic
    32 | D        | Reached XP level 23. HP: 219/219 MP: 7/54
    33 | D        | Noticed a destroyer
    34 | D        | Killed a destroyer
    35 | D        | Noticed a large bag of meat
    36 | D        | Noticed a large bag of meat
    37 | D        | Noticed a destroyer
    37 | D        | Killed a destroyer
    38 | D        | Reached XP level 24. HP: 227/227 MP: 8/54
    39 | D        | Killed a large bag of meat
    40 | D        | Noticed a destroyer
    41 | D        | Noticed a destroyer
    43 | D        | Killed a large bag of meat
    43 | D        | Killed a destroyer
    43 | D        | Noticed a destroyer
    44 | D        | Reached XP level 25. HP: 196/234 MP: 9/54
    45 | D        | Noticed a destroyer
    45 | D        | Noticed a destroyer
    45 | D        | Noticed a destroyer
    45 | D        | Noticed a destroyer
    46 | D        | Killed a destroyer
    47 | D        | Reached XP level 26. HP: 233/242 MP: 9/54
    48 | D        | Killed a destroyer
    48 | D        | Noticed a destroyer
    49 | D        | Killed a large bag of meat
    51 | D        | Noticed an accursed
    51 | D        | Noticed a tyrant
    53 | D        | Reached XP level 27. HP: 249/249 MP: 10/54
    54 | D        | Killed a large bag of meat
    56 | D        | Killed a large bag of meat
    57 | D        | Killed a destroyer
    57 | D        | Killed a destroyer
    59 | D        | Killed a large bag of meat
    59 | D        | Killed a destroyer
    61 | D        | Noticed an accursed
    62 | D        | Noticed a dread
    64 | D        | Noticed a large bag of meat
    64 | D        | Noticed a tyrant
    64 | D        | Noticed a large bag of meat
    64 | D        | Noticed a destroyer
    68 | D        | Killed a destroyer
    68 | D        | Killed an accursed
    73 | D        | Killed a destroyer
    77 | D        | Killed a large bag of meat
    78 | D        | Killed a tyrant
    82 | D        | Killed a destroyer
    83 | D        | Killed a destroyer
    84 | D        | Noticed an accursed
    84 | D        | Noticed The Captor
    84 | D        | Noticed an accursed
    84 | D        | Noticed a destroyer
    85 | D        | Noticed a meat beast
    86 | D        | Killed a destroyer
    87 | D        | Killed a large bag of meat
    96 | D        | Killed a tyrant
    96 | D        | Killed a meat beast
    97 | D        | Noticed The Defiler
    98 | D        | Killed The Defiler
    99 | D        | Killed The Captor
   100 | D        | Noticed a tyrant
   101 | D        | Noticed a meat beast
   102 | D        | Noticed an accursed
   104 | D        | Noticed an accursed
   105 | D        | Killed a meat beast
   106 | D        | Noticed a meat beast
   107 | D        | Noticed a meat beast
   107 | D        | Noticed a tyrant
   107 | D        | Noticed a meat beast
   108 | D        | Noticed a meat beast
   108 | D        | Noticed a destroyer
   109 | D        | Noticed a meat beast
   109 | D        | Noticed a tyrant
   110 | D        | HP: 12/249 [accursed/divine providence (9)]
   111 | D        | Noticed an accursed
   112 | D        | Noticed a meat beast
   112 | D        | Slain by a meat beast

Illustrated notes

Levels and vault maps discovered:
D:        meatsprint

Skill      XL: |  1  2  3  4  5  6  7  8  9 10 11 12 13 14 15 16 17 18 19 20 21 22 |
---------------+-------------------------------------------------------------------+-----
Fighting       | 12 14 15 20 21 23 24 25 27 | 27.0
Short Blades   | 11 12 14 19 20 22 24 25 27 | 27.0
Long Blades    | 11 13 15 20 21 22 24 25 27 | 27.0
Axes           | 11 12 14 19 20 22 24 25 27 | 27.0
Maces & Flails | 11 12 14 19 20 22 24 25 27 | 27.0
Polearms       | 11 12 14 19 20 22 24 25 27 | 27.0
Staves         | 11 12 14 19 20 22 24 25 27 | 27.0
Slings         | 11 12 14 19 20 22 24 25 27 | 27.0
Bows           | 11 12 14 19 20 22 24 25 27 | 27.0
Crossbows      | 11 12 14 19 20 22 24 25 27 | 27.0
Throwing       | 11 12 14 19 20 22 24 25 27 | 27.0
Armour         | 11 12 14 19 20 22 24 25 27 | 27.0
Dodging        | 11 13 15 20 21 22 24 25 27 | 27.0
Stealth        | 11 13 15 20 21 22 24 25 27 | 27.0
Shields        | 11 12 14 19 20 22 24 25 27 | 27.0
Unarmed Combat | 11 12 14 19 20 22 24 25 27 | 27.0
Spellcasting   | 11 12 14 19 20 22 24 25 27 | 27.0
Conjurations   | 9 10 12 17 18 19 20 22 25 27 | 27.0
Hexes          | 9 10 12 17 18 19 20 22 25 27 | 27.0
Summonings     | 9 10 12 17 18 19 20 22 25 27 | 27.0
Necromancy     | 9 10 12 17 18 19 20 22 25 27 | 27.0
Translocations | 9 10 12 17 18 19 20 22 25 27 | 27.0
Transmutations | 9 10 12 17 18 19 20 22 25 27 | 27.0
Fire Magic     | 9 10 12 17 18 19 20 22 25 27 | 27.0
Ice Magic      | 9 10 12 17 18 19 20 22 25 27 | 27.0
Air Magic      | 9 10 12 17 18 19 20 22 25 27 | 27.0
Earth Magic    | 9 10 12 17 18 19 20 22 25 27 | 27.0
Poison Magic   | 9 10 12 17 18 19 20 22 25 27 | 27.0
Invocations    | 11 13 15 21 22 24 25 27 | 27.0
Evocations     | 11 12 14 19 20 22 24 25 27 | 27.0

Action                   |  1- 3 |  4- 6 |  7- 9 | 10-12 | 13-15 | 16-18 | 19-21 | 22-24 | 25-27 || total
-------------------------+-------+-------+-------+-------+-------+-------+-------+-------+-------++-------
Melee: Executioner's axe |     1 |       |       |     1 |     2 |     3 |     9 |     8 |    58 ||    82
  Use: Potion            |       |       |       |       |       |       |     1 |       |     1 ||     2
       Scroll            |       |       |       |       |       |       |       |       |     1 ||     1
Dodge: Dodged            |       |       |       |       |       |       |       |       |     2 ||     2

Table legend: (Time is in decaauts)
 A = Elapsed time spent in this place.
 B = Non-inter-level travel time spent in this place.
 C = Inter-level travel time spent in this place.
 D = Time resting spent in this place.
 E = Time spent auto-exploring this place.
 F = Levels seen in this place.
 G = Mean time per level.
                   A        B        C        D        E       F      G
               +--------+--------+--------+--------+--------+-----+--------+
         Total |     72 |     72 |      0 |      0 |      0 |   1 |   72.0 |
       Dungeon |     72 |     72 |      0 |      0 |      0 |   1 |   72.0 |
               +--------+--------+--------+--------+--------+-----+--------+

Top non-repeatable levels by time:
       D: 72 daAuts
